Map: Coda LE

Players

Player1 (Miso)

  • Race: Terran Terran
  • Spawn Location: 5:00

qxc - Winner!

  • Race: Terran Terran
  • Spawn Location: 11:00

Event: LycanGTV LotV Beta Tournament 1

VOD

Have the link to the VOD?

Description

Time

  • Played on: April 2, 2015, 1:43 p.m.
  • Length: 5:11

All games in this series

Show
View Real Time Build Order
Export as new Build Order

Player1 Terran 

Build Orders: Reaper Expand, Reaper Bunker Rush 

Get SALT Encoding   

  12  0:10  Supply Depot  
  12  0:32  Barracks  
  12  0:35  Refinery  
  12  0:51  Barracks  
  12  0:56  SCV  
  13  1:08  SCV  
  14  1:19  Reaper  
  15  1:29  Orbital Command  
  16  1:40  Reaper  
  16  2:01  Reaper  
  16  2:02  SCV  
  17  2:14  Reaper  
  18  2:28  SCV, Bunker  
  19  2:40  SCV, Reaper  
  19  2:52  SCV  
  19  2:54  Reaper  
  19  2:56  Command Center  
  21  3:04  SCV  
  22  3:19  SCV  
  22  3:21  Supply Depot, Refinery  
  22  3:34  SCV  
  22  3:38  Factory  
  21  3:46  SCV  
  21  3:57  Bunker  
  21  3:58  SCV  
  22  4:10  SCV  
  23  4:17  Orbital Command  
  23  4:22  SCV, Hellion  
  26  4:27  Supply Depot  
  26  4:34  SCV, Starport  
  27  4:43  Hellion  
  26  4:46  SCV  
  26  4:51  SCV  
  25  4:59  SCV  
  23  5:04  Barracks Reactor  
Show
View Real Time Build Order
Export as new Build Order

qxc Terran - Winner!

Build Orders: 1/1/1, Hellion Banshee 

Get SALT Encoding   

  12  0:01  SCV  
  13  0:14  Supply Depot  
  13  0:18  SCV  
  14  0:28  Refinery  
  14  0:30  SCV  
  15  0:41  Barracks  
  15  0:45  SCV  
  16  0:57  SCV  
  17  1:09  SCV  
  18  1:22  SCV  
  19  1:29  Factory  
  19  1:30  Marine  
  20  1:34  Orbital Command  
  20  1:40  Supply Depot  
  20  1:49  Barracks Tech Lab  
  20  1:57  Marine  
  20  2:02  SCV  
  20  2:14  SCV, Hellion  
  20  2:15  Marine  
  23  2:26  SCV  
  23  2:29  Starport  
  24  2:33  Marine  
  25  2:38  SCV  
  25  2:47  Hellion  
  25  2:50  SCV, Marine  
  29  3:00  Supply Depot  
  29  3:02  SCV  
  30  3:08  Starport Tech Lab  
  30  3:14  SCV  
  30  3:16  Marine  
  30  3:17  Hellion  
  31  3:26  SCV  
  31  3:32  Banshee  
  31  3:33  Cloaking Field  
  33  3:34  Marine  
  33  3:38  SCV  
  33  3:40  Hellion  
  36  3:49  Supply Depot  
  36  3:53  Marine  
  38  4:02  Hellion  
  39  4:10  Marine  
  40  4:17  Banshee  
  42  4:24  Command Center  
  42  4:26  Hellion  
  42  4:28  Marine  
  42  4:31  Supply Depot  
  45  4:34  SCV  
  46  4:59  SCV  
  47  5:01  Supply Depot  
  47  5:02  Refinery  

Tags
 
Add a new tag
Caveats
  • Supply blocks, unpowered buildings, or Contaminate may cause inaccurate times.
  • Supply counts are checked every 10 seconds.